AoeStats
← drahomir.skalnik

Arena

509353633Analyzed
4v4 RM · 7d ago on Sep 26, 2026· 47m 44s· 8 players
Game mode
Random Map
Map size
Large (8 player)
Population
200
Speed
Normal
Resources
Standard
Victory
Conquest
Starting age
Dark Age
Ending age
Imperial Age
RankedLock teamsTeams togetherTeam positionsShared explorationLock speedFull tech treeHidden civsTurbo modeCheats
Victory
Defeat
🇭🇰 Huns · Hong Kong SAR China
929
+27
🇰🇷 Ethiopians · South Korea
850
+16
🇭🇰 Persians · Hong Kong SAR China
833
+17
🇨🇳 Chinese · China
807
+19
🇨🇿 Teutons · Czechia
876
-17
🇩🇪 Portuguese · Germany
868
-16
🇨🇳 Khmer · China
867
-17
🇮🇹 Bohemians · Italy
826
-15
drahomir.skalnik
1:52 Loom
10:28 Feudal Age
11:00 Double-Bit Axe
11:02 Horse Collar
13:30 Town Watch
19:06 Gold Mining
19:06 Stone Mining
21:24 Castle Age
20:33 Wheelbarrow
22:00 Wheelbarrow
21:39 Forging
21:34 Scale Mail Armor
21:40 Scale Barding Armor
21:26 Fletching
22:37 Heavy Plow
22:48 Bow Saw
24:04 Stone Shaft Mining
25:18 Pikeman
25:58 Squires
30:04 Bodkin Arrow
30:41 Masonry
34:24 Imperial Age
33:51 Iron Casting
33:20 Padded Archer Armor
33:11 Arson
33:50 Town Patrol
34:06 Hand Cart
34:22 Bloodlines
35:41 Crop Rotation
36:17 Two-Man Saw
37:41 Cavalier
39:42 Leather Archer Armor
39:27 Cavalier
41:01 Arrowslits
41:39 Ballistics
41:29 Fortified Wall
42:42 Chemistry
41:58 Fortified Wall
42:09 Ballistics
44:56 Halberdier
378080739
0:30 Loom
12:22 Feudal Age
16:55 Castle Age
15:59 Stone Mining
15:59 Double-Bit Axe
15:58 Horse Collar
16:30 Gold Mining
18:39 Bow Saw
18:32 Heavy Plow
28:57 Imperial Age
30:09 Forging
30:05 Scale Barding Armor
30:24 Conscription
30:05 Double Crossbow
30:28 Ballistics
31:44 Chemistry
31:59 Crop Rotation
32:07 Wheelbarrow
31:09 Elite Ballista Elephant
33:27 Gold Shaft Mining
33:31 Stone Shaft Mining
34:29 Bloodlines
34:20 Husbandry
34:36 Siege Engineers
35:12 Hand Cart
36:17 Iron Casting
36:02 Chain Barding Armor
35:32 Elite Battle Elephant
41:51 Heavy Scorpion
alexgiaco98
11:12 Loom
12:58 Feudal Age
13:03 Feudal Age
14:20 Horse Collar
14:26 Double-Bit Axe
23:37 Castle Age
25:10 Bow Saw
25:01 Heavy Plow
26:41 Chemistry
35:49 Imperial Age
36:26 Ballistics
37:45 Two-Man Saw
37:08 Elite Hussite Wagon
37:59 Houfnice
CptHinkebein
5:20 Loom
11:59 Feudal Age
13:26 Wheelbarrow
12:44 Double-Bit Axe
20:02 Castle Age
17:59 Stone Mining
18:14 Gold Mining
19:17 Fletching
19:28 Padded Archer Armor
20:54 Crossbowman
23:19 Horse Collar
28:31 Hand Cart
32:15 Imperial Age
31:19 Circumnavigation
31:30 Thumb Ring
31:24 Bodkin Arrow
31:44 Leather Archer Armor
30:54 Pikeman
31:41 Heavy Plow
34:05 Conscription
34:50 Ballistics
35:32 Chemistry
34:13 Elite Organ Gun
36:08 Bow Saw
38:48 Halberdier
39:56 Scale Mail Armor
40:06 Forging
41:14 Chain Mail Armor
42:03 Iron Casting
44:03 Block Printing
44:29 Theocracy
輕鬆一打四
0:27 Loom
10:18 Feudal Age
17:49 Castle Age
16:29 Stone Mining
17:05 Gold Mining
17:19 Double-Bit Axe
17:25 Horse Collar
18:25 Bow Saw
19:23 Heavy Plow
20:52 Stone Shaft Mining
22:35 Wheelbarrow
21:48 Town Watch
24:32 Gold Shaft Mining
34:09 Imperial Age
31:54 Hand Cart
31:44 Devotion
31:58 Bloodlines
31:48 Husbandry
31:40 Fletching
32:33 Town Patrol
32:39 Scale Barding Armor
32:34 Padded Archer Armor
32:30 Bodkin Arrow
32:45 Forging
33:45 Chain Barding Armor
35:06 Ballistics
34:57 Masonry
34:42 Murder Holes
35:28 Faith
35:46 Iron Casting
35:42 Crop Rotation
36:29 Two-Man Saw
36:03 Conscription
35:23 Elite War Elephant
36:47 Plate Barding Armor
36:28 Citadels
37:14 Architecture
37:45 Chemistry
38:13 Blast Furnace
38:14 Hoardings
jhkim91cfa
10:29 Feudal Age
14:58 Double-Bit Axe
17:36 Castle Age
16:54 Horse Collar
18:43 Bow Saw
18:44 Heavy Plow
19:44 Loom
20:35 Wheelbarrow
19:45 Town Watch
22:53 Hand Cart
25:16 Town Patrol
28:07 Imperial Age
26:47 Ballistics
26:49 Town Patrol
27:09 Gold Mining
27:16 Stone Mining
30:34 Chemistry
30:45 Torsion Engines
31:52 Forging
31:42 Scale Mail Armor
31:58 Halberdier
32:39 Squires
33:17 Iron Casting
34:58 Chain Mail Armor
35:49 Blast Furnace
35:04 Heavy Scorpion
37:20 Plate Mail Armor
gysrj777098
9:01 Loom
16:11 Feudal Age
18:12 Town Watch
19:03 Wheelbarrow
19:32 Double-Bit Axe
19:34 Horse Collar
29:10 Castle Age
28:33 Gold Mining
28:34 Stone Mining
29:15 Arson
28:51 Man-at-Arms
29:45 Bloodlines
31:08 Gold Shaft Mining
31:09 Stone Shaft Mining
31:30 Town Patrol
31:46 Hand Cart
31:24 Pikeman
32:04 Squires
31:25 Long Swordsman
32:13 Thumb Ring
31:29 Elite Skirmisher
31:30 Crossbowman
32:13 Husbandry
31:34 Light Cavalry
37:59 Coinage
37:29 Caravan
37:33 Padded Archer Armor
37:26 Fletching
46:23 Imperial Age
374216472
10:20 Feudal Age
10:46 Double-Bit Axe
10:42 Horse Collar
13:17 Wheelbarrow
17:33 Gold Mining
17:34 Stone Mining
21:43 Castle Age
22:29 Heavy Plow
22:44 Bow Saw
23:10 Gold Shaft Mining
23:25 Hand Cart
22:55 Town Watch
24:17 Bloodlines
25:14 Masonry
27:08 Husbandry
27:27 Marauders
30:31 Scale Barding Armor
30:36 Forging
32:35 Murder Holes
36:18 Imperial Age
37:40 Conscription
38:15 Iron Casting
39:03 Chain Barding Armor
40:17 Blast Furnace
42:44 Plate Barding Armor
43:29 Elite Tarkan
46:54 Chemistry
Connection lost

Rejoining the realm…

Still unreachable

The connection could not be restored.

Session expired

The server has moved on; the page needs a fresh start.